 Dungeon Crawl Stone Soup version 0.20.1-1-g8b1a95d (webtiles) character file.

861 Fisto the Skirmisher (level 8, -4/83 HPs)
             Began as an Ogre Fighter on Nov 7, 2017.
             Was a Follower of Qazlal.
             Slain by Menkaure (12 damage)
             ... in the Ecumenical Temple.
             The game lasted 00:45:51 (6439 turns).

Fisto the Skirmisher (Ogre Fighter)                 Turns: 6439, Time: 00:45:51

Health: -4/83      AC:  3    Str: 23    XL:     8   Next: 2%
Magic:  8/8        EV:  9    Int: 15    God:    Qazlal [*.....]
Gold:   229        SH: 11    Dex:  8    Spells: 7/7 levels left

rFire    . . .     SeeInvis .   a - +0 trident
rCold    . . .     Gourm    .   c - +0 shield
rNeg     . . .     Faith    .   k - +0 robe
rPois    .         Spirit   .   (helmet restricted)
rElec    .         Reflect  .   (no cloak)
rCorr    .         Harm     .   (gloves unavailable)
MR       .....                  (boots unavailable)
Stlth    +.........             (no amulet)
Regen    0.3/turn               i - ring of flight
MPRegen  0.2/turn               q - +6 ring of intelligence

@: very slightly contaminated
A: unfitting armour, tough skin 1
a: Renounce Religion, Evoke Flight


You were in the Ecumenical Temple.
You worshipped Qazlal.
Qazlal was aware of your devotion.
You were hungry.

You visited 2 branches of the dungeon, and saw 6 of its levels.

You collected 229 gold pieces.

Inventory:

Hand Weapons
 a - a +0 trident (weapon)
 m - a +2 short sword
 r - a +0 dagger of venom
Missiles
 p - 5 tomahawks (quivered)
Armour
 c - a +0 shield (worn)
 k - a +0 robe (worn)
Jewellery
 i - a ring of flight (left hand)
 q - a +6 ring of intelligence (right hand)
Scrolls
 d - a scroll of vulnerability {unknown}
 g - 2 scrolls of identify
 h - a scroll of noise
 o - 6 scrolls of remove curse
Potions
 j - a potion of curing
Comestibles
 b - a meat ration
 f - a bread ration


   Skills:
 + Level 6.2 Fighting
 + Level 5.4 Polearms
 + Level 1.3 Throwing
 + Level 4.5 Dodging
 + Level 4.6 Shields


You had 7 spell levels left.
You didn't know any spells.

Dungeon Overview and Level Annotations

Branches:
Dungeon (6/15)             Temple (1/1) D:6

Altars:
Ashenzari
Dithmenos
Fedhas
Gozag
Kikubaaqudgha
Makhleb
Nemelex Xobeh
Qazlal
Ru
Sif Muna
Uskayaw
Vehumet
Xom
Yredelemnul

Annotations:
D:2 Sigmund
Temple Menkaure


Innate Abilities, Weirdness & Mutations

You are too large for most types of armour.
You have tough skin. (AC +1)


Message History

You climb downwards.
Welcome back to the Ecumenical Temple!
There is a staircase back to the Dungeon here.
Blink to where?
Press: ? - help, Dir - move target cursor You are very lightly contaminated with residual magic.
As you read the scroll of blinking, it crumbles to dust.
You close the door.
You start resting.
You barely miss Menkaure.
Menkaure is heavily damaged.
Menkaure barely misses you.
You hit Menkaure.
Menkaure is severely damaged.
Menkaure grins.
Menkaure hits you.
* * * LOW HITPOINT WARNING * * *
You hit Menkaure but do no damage.
Menkaure is severely damaged.
You block Menkaure's attack. Menkaure hits you!
You die...

##### ##...## #.....#
#### #.._..# #### ##...##
#.....# ##...# #.....#
#...# #..... #.._..#
###'### #.._..
#....@###.....###.....
##...M#.........#'...#
#####...........#####
#.....###.....#
#######....#####....##
##...##....#'...'#....# .
#.....#...##.....##...#..
#.._..'...##..<..##...'..
#.....#...##.....##...#..


You could see Menkaure.

Vanquished Creatures
  A water moccasin (D:6)
  A sky beast (D:6)
  A necrophage (D:6)
  The ghost of Fisto the Vandal, an amateur HaHu of Hepliaklqana (D:3)
  2 wights (D:6)
  3 hounds
  An iguana (D:3)
  Terence (D:2)
  Natasha (D:3)
  2 worker ants
  A hound zombie (D:6)
  A hound skeleton (D:3)
  6 adders
  3 oozes
  3 adder zombies (D:3)
  A worm (D:3)
  2 dart slugs
  2 leopard geckos
  5 orcs
  5 giant cockroaches
  10 goblins
  3 hobgoblins (D:1)
  5 jackals
  12 kobolds
  3 quokkas
  A ball python (D:2)
  6 bats
  5 frilled lizards
  A jackal zombie (D:3)
  A leopard gecko skeleton (D:3)
  2 quokka skeletons
  17 rats
  A bush (D:1)
  A withered plant (D:3)
111 creatures vanquished.

Vanquished Creatures (others)
  5 fungi (D:6)
5 creatures vanquished.

Grand Total: 116 creatures vanquished

Notes
Turn   | Place    | Note
-------+----------+-------------------------------------------
     0 | D:1      | Fisto the Ogre Fighter began the quest for the Orb.
     0 | D:1      | Reached XP level 1. HP: 24/24 MP: 1/1
    91 | D:1      | Reached XP level 2. HP: 22/32 MP: 2/2
   593 | D:1      | Reached XP level 3. HP: 40/40 MP: 3/3
   790 | D:1      | You fall through a shaft!
   804 | D:2      | Found a shadowy altar of Dithmenos.
  1171 | D:2      | Reached XP level 4. HP: 41/49 MP: 4/4
  2412 | D:2      | Noticed Sigmund
  2587 | D:2      | Noticed Terence
  2604 | D:2      | Killed Terence
  2604 | D:2      | Reached XP level 5. HP: 28/55 MP: 5/5
  3023 | D:3      | Found a blossoming altar of Fedhas.
  3024 | D:3      | Found a stormy altar of Qazlal.
  3043 | D:3      | Became a worshipper of Qazlal Stormbringer
  3064 | D:3      | Noticed Fisto's ghost (amateur HaHu)
  3116 | D:3      | Killed Fisto's ghost
  3116 | D:3      | Reached skill level 5 in Fighting
  3408 | D:3      | Reached XP level 6. HP: 58/66 MP: 6/6
  4357 | D:3      | Reached * piety under Qazlal
  4369 | D:3      | Noticed Natasha
  4371 | D:3      | Killed Natasha
  5307 | D:4      | You fall through a shaft for 2 floors!
  5329 | D:6      | Reached skill level 1 in Throwing
  5329 | D:6      | Reached XP level 7. HP: 43/72 MP: 7/7
  5426 | D:6      | Reached skill level 5 in Polearms
  5679 | D:6      | Found a staircase to the Ecumenical Temple.
  5714 | Temple   | Entered the Ecumenical Temple
  5946 | D:6      | Reached skill level 6 in Fighting
  6075 | D:6      | Reached XP level 8. HP: 60/83 MP: 8/8
  6121 | D:6      | Noticed Menkaure
  6439 | Temple   | Slain by Menkaure

Skill      XL: |  1  2  3  4  5  6  7 |
---------------+----------------------+-----
Shields        | 3 4 |  4.6
Dodging        | 3 4 |  4.5
Polearms       | 3 4 5 |  5.4
Fighting       | 5 6 |  6.2
Throwing       | 1 |  1.3

Action                   |  1- 3 |  4- 6 |  7- 9 || total
-------------------------+-------+-------+-------++-------
Melee: Trident           |   134 |   359 |    74 ||   567
       Dagger            |       |    18 |       ||    18
       Giant club        |       |    15 |       ||    15
 Fire: Hunting sling     |       |     3 |       ||     3
Throw: Stone             |       |    20 |       ||    20
  Use: Potion            |     4 |     1 |     2 ||     7
       Scroll            |     1 |     5 |     3 ||     9
  Eat: Chunk             |     1 |     7 |       ||     8
       Meat ration       |       |     2 |       ||     2
Armor: Robe              |    34 |    80 |     8 ||   122
Dodge: Dodged            |    50 |   126 |    27 ||   203
Block: Shield            |    68 |   142 |    36 ||   246
